WASHINGTON Capitals vs FLORIDA Panthers

Created - 25 mars 2024 at 22:39

Goals
1 2 3 T
WASHINGTON Capitals 0 2 3 5
FLORIDA Panthers 1 0 1 2
Shots
1 2 3 T
WASHINGTON Capitals 11 12 12 35
FLORIDA Panthers 8 13 6 27

1st period

1. FLORIDA Panthers , Brock Nelson 16 (Ryan McDonagh 26, Vincent Trocheck 27) at 18:09

Penalties :
Brandon Saad (FLO) for Tripping (Minor) at 2:16, Ryan Strome (WSH) for Elbowing (Minor) at 5:07

2nd period

2. WASHINGTON Capitals , Pavel Buchnevich 28 (Matt Duchene 25, William Karlsson 52) at 6:36
3. WASHINGTON Capitals , Kevin Shattenkirk 11 (John Carlson 32) at 9:05 (PP)

Penalties :
Ross Colton (WSH) for Slashing (Minor) at 3:18, Jordan Martinook (FLO) for Holding (Minor) at 8:24, Brock Nelson (FLO) for Roughing (Minor) at 12:51, Steven Stamkos (FLO) for Hooking (Minor) at 15:32, Connor Murphy (FLO) for High sticking (Minor) at 19:15

3rd period

4. WASHINGTON Capitals , John Carlson 21 (Kevin Shattenkirk 33, Pavel Buchnevich 31) at 0:32 (PP)
5. WASHINGTON Capitals , Torey Krug 5 (Mario Ferraro 21, Ivan Barbashev 19) at 12:10 (PP)
6. WASHINGTON Capitals , Ryan Strome 8 (Carson Soucy 14, Jason Dickinson 6) at 16:31
7. FLORIDA Panthers , Matthew Tkachuk 21 (Carter Verhaeghe 8, Steven Stamkos 31) at 18:18

Penalties :
Vincent Trocheck (FLO) for Tripping (Minor) at 1:41, Ryan Strome (WSH) for Interference (Minor) at 1:41, Jason Dickinson (WSH) for Cross-checking (Minor) at 5:07, Jordan Martinook (FLO) for Slashing (Minor) at 11:40

Goalie Stats

Scott Wedgewood (WSH), 25 saves from 27 shots - (0,926), W, 20-24-3, 60:00 minutes
Darcy Kuemper (FLO), 30 saves from 35 shots - (0,857), L, 28-23-7, 60:00 minutes

Players Stats for WASHINGTON Capitals

Player Name              G  A  P  +/- PIM S  H  SB GA TA FO     MP     PP MP  PK MP  
------------------------------------------------------------------------------------
Barrett Hayton           0  0  0   0  0   0  0  0  0  0  4/8     9:20   0:00   0:37 
Brock Boeser             0  0  0  -1  0   1  1  0  0  0  2/3    16:37   4:00   0:00 
Carson Soucy             0  1  1   1  0   0  2  1  0  0  0/0    14:55   0:12   2:51 
Casey Mittelstadt        0  0  0  -1  0   3  1  0  0  0  7/12   12:30   0:00   0:00 
Christian Dvorak         0  0  0   1  0   0  1  0  0  0  5/11   11:19   0:00   1:30 
Ian Cole                 0  0  0   1  0   2  2  1  0  0  0/0    18:08   0:12   3:06 
Ivan Barbashev           0  1  1  -1  0   1  1  1  0  0  2/4    19:16   3:37   3:09 
Jason Dickinson          0  1  1   1  2   0  1  0  0  0  0/2    11:22   0:00   1:34 
John Carlson             1  1  2  -2  0   7  0  2  0  0  0/0    26:04   5:14   2:52 
Kevin Shattenkirk        1  1  2  -2  0   3  1  1  0  0  0/0    22:13   5:14   0:00 
Mario Ferraro            0  1  1   1  0   3  1  1  0  0  0/0    18:40   2:59   2:51 
Matt Duchene             0  1  1   0  0   4  1  0  0  0  4/8    16:21   3:37   0:00 
Pavel Buchnevich         1  1  2   0  0   4  3  0  0  0  1/2    21:33   4:48   2:16 
Ross Colton              0  0  0   0  2   1  1  0  0  0  0/0     8:42   0:00   0:00 
Ryan Strome              1  0  1   1  4   3  0  0  0  0  0/2    14:12   4:25   0:00 
Sam Steel                0  0  0   0  0   2  1  0  0  0  0/0     8:43   0:00   0:00 
Torey Krug               1  0  1   1  0   1  1  3  0  0  0/0    20:00   2:59   0:14 
William Karlsson         0  1  1   0  0   0  0  0  0  0  10/25  22:05   4:48   2:48 

Players Stats for FLORIDA Panthers

Player Name              G  A  P  +/- PIM S  H  SB GA TA FO     MP     PP MP  PK MP  
------------------------------------------------------------------------------------
Adam Henrique            0  0  0   0  0   3  1  0  0  0  11/14  10:58   0:03   1:20 
Brady Skjei              0  0  0   1  0   3  0  0  0  0  0/0    22:00   2:59   4:07 
Brandon Saad             0  0  0   1  2   2  0  0  0  0  0/0    12:58   2:59   0:00 
Brock Nelson             1  0  1   1  2   5  0  1  0  0  2/4    19:26   2:59   5:12 
Carter Verhaeghe         0  1  1  -1  0   1  2  0  0  0  0/1    19:37   2:55   0:00 
Connor Murphy            0  0  0   0  2   1  4  3  0  0  0/0    19:45   1:51   3:38 
Derek Grant              0  0  0   0  0   0  1  0  0  0  4/8     8:11   0:00   0:00 
Dougie Hamilton          0  0  0   1  0   1  1  0  0  0  0/0    16:07   4:06   0:24 
Eetu Luostarinen         0  0  0   0  0   1  0  1  0  0  0/0    12:32   0:00   2:30 
Jake Walman              0  0  0   0  0   0  0  2  0  0  0/0    19:44   0:03   4:18 
Jordan Martinook         0  0  0   0  4   0  3  0  0  0  0/0     9:14   0:03   1:02 
Josh Morrissey           0  0  0  -1  0   2  0  1  0  0  0/0    18:59   2:55   0:00 
Matthew Tkachuk          1  0  1  -1  0   2  3  0  0  0  0/0    19:31   2:55   0:00 
Ryan McDonagh            0  1  1  -1  0   0  0  2  0  0  0/0    23:24   0:00   4:23 
Ryan McLeod              0  0  0   0  0   2  0  0  0  0  1/2     8:11   0:00   0:00 
Steven Stamkos           0  1  1  -1  2   1  2  0  0  0  10/22  19:56   2:55   0:26 
Vincent Trocheck         0  1  1   1  2   2  1  0  0  0  14/25  19:18   2:59   6:20 
Yegor Sharangovich       0  0  0   0  0   1  0  0  0  0  0/1     9:38   0:03   0:00 

3 Stars

1 - Pavel Buchnevich (WSH)
2 - Torey Krug (WSH)
3 - Kevin Shattenkirk (WSH)

Power Play

WASHINGTON Capitals - 3 on 6 Attempt(s) - 50,00%
FLORIDA Panthers - 0 on 3 Attempt(s) - 0,00%

Penalty Kill

WASHINGTON Capitals - 3 on 3 Attempt(s) - 100,00% - Score 0 goal in Penalty Kill
FLORIDA Panthers - 3 on 6 Attempt(s) - 50,00% - Score 0 goal in Penalty Kill

Team Stat

WASHINGTON Capitals - Hits : 18 - Faceoff Wins : 35 - Blocked Shots : 10 - Penalty Minutes : 8
FLORIDA Panthers - Hits : 18 - Faceoff Wins : 42 - Blocked Shots : 10 - Penalty Minutes : 14

Official

Referees : Chris Schlenker and Laura White
Linesman : Mark Shewchyk and Dan Kelly

Game Notes

No Game Note

Finance

Level 1 -- Attendance: 4934 (77,70%) -- Ticket Income $493,400
Level 2 -- Attendance: 5192 (99,85%) -- Ticket Income $295,944
Level 3 -- Attendance: 2751 (91,70%) -- Ticket Income $88,032
Level 4 -- Attendance: 4561 (99,15%) -- Ticket Income $91,220
Luxury Box -- Attendance: 1025 (100,00%) -- Ticket Income $199,875
Game was played at the BB-T Center.
Total Attendance: 18463 (91,51%)
Total Ticket Income: $1,168,471
Other Income: $292,118
Total Income: $1,460,589

WASHINGTON Capitals

5 vs 5 Forward 
   Center                   Left Wing                Right Wing               Time % Phy DF OF 
 1 William Karlsson         Pavel Buchnevich         Matt Duchene             40     1   1  3  
 2 Casey Mittelstadt        Ivan Barbashev           Brock Boeser             30     1   2  2  
 3 Christian Dvorak         Jason Dickinson          Ryan Strome              20     1   2  2  
 4 Barrett Hayton           Ross Colton              Sam Steel                10     3   2  0  

5 vs 5 Defense 
   Defense                  Defense                                           Time % Phy DF OF 
 1 John Carlson             Kevin Shattenkirk                                 40     0   4  1  
 2 Ian Cole                 Torey Krug                                        30     0   4  1  
 3 Mario Ferraro            Carson Soucy                                      20     1   3  1  
 4 Torey Krug               John Carlson                                      10     0   4  1  

PowerPlay Forward 
   Center                   Left Wing                Right Wing               Time % Phy DF OF 
 1 William Karlsson         Pavel Buchnevich         Brock Boeser             60     1   0  4  
 2 Matt Duchene             Ivan Barbashev           Ryan Strome              40     1   0  4  

PowerPlay Defense
   Defense                  Defense                                           Time % Phy DF OF 
 1 John Carlson             Kevin Shattenkirk                                 70     0   1  4  
 2 Mario Ferraro            Torey Krug                                        30     0   1  4  

Penalty Kill 4 Players Forward 
   Center                   Wing                     Time % Phy DF OF 
 1 William Karlsson         Ivan Barbashev           60     1   4  0  
 2 Jason Dickinson          Pavel Buchnevich         40     1   4  0  

Penalty Kill 4 Players Defense
   Defense                  Defense                  Time % Phy DF OF 
 1 John Carlson             Ian Cole                 60     0   5  0  
 2 Mario Ferraro            Carson Soucy             40     0   5  0  

Penalty Kill - 3 Players Forward 
   Forward                                           Time % Phy DF OF 
 1 William Karlsson                                  60     0   5  0  
 2 Jason Dickinson                                   40     0   5  0  

Penalty Kill - 3 Players Defense
   Defense                  Defense                  Time % Phy DF OF 
 1 Ian Cole                 Mario Ferraro            60     0   5  0  
 2 John Carlson             Carson Soucy             40     0   5  0  

4 vs 4 Forward 
   Center                   Wing                     Time % Phy DF OF 
 1 William Karlsson         Pavel Buchnevich         60     1   2  2  
 2 Matt Duchene             Brock Boeser             40     1   2  2  

4 vs 4 Defense
   Defense                  Defense                  Time % Phy DF OF 
 1 John Carlson             Kevin Shattenkirk        60     1   2  2  
 2 Mario Ferraro            Torey Krug               40     1   2  2  

Last Minutes Offensive
   Center                   Left Wing                Right Wing               Defense                  Defense                  
   Matt Duchene             Pavel Buchnevich         Brock Boeser             John Carlson             Kevin Shattenkirk        

Last Minutes Defensive
   Center                   Left Wing                Right Wing               Defense                  Defense                  
   William Karlsson         Jason Dickinson          Pavel Buchnevich         John Carlson             Mario Ferraro            

Goaltenders
Starting : Scott Wedgewood          
Backup : Chris Driedger           

Extra Forwards
Normal : Pavel Buchnevich, Matt Duchene, William Karlsson - PP : William Karlsson, Brock Boeser - PK : Christian Dvorak
Extra Defensemen
Normal : Carson Soucy, Kevin Shattenkirk, Mario Ferraro - PP : John Carlson - PK : Ian Cole, Torey Krug
Penalty Shots
Matt Duchene, Pavel Buchnevich, Ivan Barbashev, William Karlsson, Ross Colton

Scratches
Matt Grzelcyk (Healthy)

FLORIDA Panthers

5 vs 5 Forward 
   Center                   Left Wing                Right Wing               Time % Phy DF OF 
 1 Steven Stamkos           Carter Verhaeghe         Matthew Tkachuk          40     1   2  2  
 2 Vincent Trocheck         Brock Nelson             Brandon Saad             30     1   1  3  
 3 Adam Henrique            Eetu Luostarinen         Yegor Sharangovich       20     1   2  2  
 4 Derek Grant              Ryan McLeod              Jordan Martinook         10     1   2  2  

5 vs 5 Defense 
   Defense                  Defense                                           Time % Phy DF OF 
 1 Josh Morrissey           Ryan McDonagh                                     40     1   2  2  
 2 Dougie Hamilton          Brady Skjei                                       30     1   2  2  
 3 Connor Murphy            Jake Walman                                       20     1   2  2  
 4 Brady Skjei              Ryan McDonagh                                     10     1   2  2  

PowerPlay Forward 
   Center                   Left Wing                Right Wing               Time % Phy DF OF 
 1 Steven Stamkos           Carter Verhaeghe         Matthew Tkachuk          60     1   1  3  
 2 Vincent Trocheck         Brock Nelson             Brandon Saad             40     1   1  3  

PowerPlay Defense
   Defense                  Defense                                           Time % Phy DF OF 
 1 Josh Morrissey           Dougie Hamilton                                   70     1   1  3  
 2 Brady Skjei              Dougie Hamilton                                   30     1   1  3  

Penalty Kill 4 Players Forward 
   Center                   Wing                     Time % Phy DF OF 
 1 Vincent Trocheck         Brock Nelson             60     1   3  1  
 2 Adam Henrique            Eetu Luostarinen         40     1   4  0  

Penalty Kill 4 Players Defense
   Defense                  Defense                  Time % Phy DF OF 
 1 Ryan McDonagh            Brady Skjei              60     1   3  1  
 2 Connor Murphy            Jake Walman              40     1   3  1  

Penalty Kill - 3 Players Forward 
   Forward                                           Time % Phy DF OF 
 1 Eetu Luostarinen                                  60     0   5  0  
 2 Vincent Trocheck                                  40     0   5  0  

Penalty Kill - 3 Players Defense
   Defense                  Defense                  Time % Phy DF OF 
 1 Connor Murphy            Ryan McDonagh            60     1   4  0  
 2 Brady Skjei              Jake Walman              40     1   4  0  

4 vs 4 Forward 
   Center                   Wing                     Time % Phy DF OF 
 1 Steven Stamkos           Matthew Tkachuk          60     1   2  2  
 2 Vincent Trocheck         Brock Nelson             40     1   2  2  

4 vs 4 Defense
   Defense                  Defense                  Time % Phy DF OF 
 1 Josh Morrissey           Ryan McDonagh            60     1   2  2  
 2 Brady Skjei              Jake Walman              40     1   2  2  

Last Minutes Offensive
   Center                   Left Wing                Right Wing               Defense                  Defense                  
   Steven Stamkos           Carter Verhaeghe         Matthew Tkachuk          Josh Morrissey           Dougie Hamilton          

Last Minutes Defensive
   Center                   Left Wing                Right Wing               Defense                  Defense                  
   Vincent Trocheck         Brock Nelson             Brandon Saad             Ryan McDonagh            Connor Murphy            

Goaltenders
Starting : Darcy Kuemper            
Backup : Cayden Primeau           

Extra Forwards
Normal : Steven Stamkos, Matthew Tkachuk, Carter Verhaeghe - PP : Yegor Sharangovich, Adam Henrique - PK : Eetu Luostarinen
Extra Defensemen
Normal : Brady Skjei, Dougie Hamilton, Connor Murphy - PP : Dougie Hamilton - PK : Ryan McDonagh, Connor Murphy
Penalty Shots
Steven Stamkos, Matthew Tkachuk, Brock Nelson, Carter Verhaeghe, Vincent Trocheck

Scratches
None


% Time on Ice - WASHINGTON Capitals

Lines # - Real PCT - Wanted PCT - Time Play
Normal Forward
1 - 29% - 40% - 12:37
2 - 29% - 30% - 12:30
3 - 22% - 20% - 9:49
4 - 20% - 10% - 8:43
Normal Defense
1 - 37% - 40% - 15:58
2 - 34% - 30% - 14:50
3 - 27% - 20% - 11:52
4 - 2% - 10% - 0:59
PP Forward
1 - 57% - 60% - 4:48
2 - 43% - 40% - 3:37
PP Defense
1 - 65% - 70% - 5:26
2 - 35% - 30% - 2:59
PK Forward
1 - 62% - 60% - 3:41
2 - 38% - 40% - 2:16
PK Defense
1 - 52% - 60% - 3:06
2 - 48% - 40% - 2:51
PK3 Forward
1 - 0% - 60%
2 - 0% - 40%
PK3 Defense
1 - 0% - 60%
2 - 0% - 40%
44 Forward
1 - 94% - 60% - 1:52
2 - 6% - 40% - 0:07
44 Defense
1 - 51% - 60% - 1:01
2 - 49% - 40% - 0:58
Last Minute Offensive  - 0:00
Last Minute Defensive  - 0:00
Total
Forward - 60:00
Defense - 60:00

% Time on Ice - FLORIDA Panthers

Lines # - Real PCT - Wanted PCT - Time Play
Normal Forward
1 - 36% - 40% - 15:53
2 - 23% - 30% - 10:00
3 - 22% - 20% - 9:35
4 - 19% - 10% - 8:11
Normal Defense
1 - 35% - 40% - 15:11
2 - 27% - 30% - 11:37
3 - 33% - 20% - 14:17
4 - 6% - 10% - 2:34
PP Forward
1 - 50% - 60% - 2:58
2 - 50% - 40% - 2:59
PP Defense
1 - 50% - 70% - 2:58
2 - 50% - 30% - 2:59
PK Forward
1 - 85% - 60% - 7:11
2 - 15% - 40% - 1:14
PK Defense
1 - 49% - 60% - 4:07
2 - 51% - 40% - 4:18
PK3 Forward
1 - 0% - 60%
2 - 0% - 40%
PK3 Defense
1 - 0% - 60%
2 - 0% - 40%
44 Forward
1 - 36% - 60% - 0:43
2 - 64% - 40% - 1:16
44 Defense
1 - 64% - 60% - 1:16
2 - 36% - 40% - 0:43
Last Minute Offensive  - 0:00
Last Minute Defensive  - 0:00
Total
Forward - 60:00
Defense - 60:00

Play-by-Play

1st period


0:01 of 1st period - William Karlsson wins face-off versus Steven Stamkos in neutral zone.
0:39 of 1st period - Shot by Matthew Tkachuk.
0:39 of 1st period - Shot Blocked by John Carlson.
0:41 of 1st period - Shot by Josh Morrissey.
0:41 of 1st period - Shot Misses the Net.
0:43 of 1st period - Shot by Josh Morrissey.
0:43 of 1st period - Stopped by Scott Wedgewood with a rebound.
0:45 of 1st period - Shot by Josh Morrissey.
0:45 of 1st period - Stopped by Scott Wedgewood without a rebound.
0:46 of 1st period - Casey Mittelstadt wins face-off versus Vincent Trocheck in WASHINGTON Capitals zone.
0:48 of 1st period - Icing by Torey Krug.
0:49 of 1st period - Casey Mittelstadt wins face-off versus Vincent Trocheck in WASHINGTON Capitals zone.
0:54 of 1st period - Dougie Hamilton is hit by Casey Mittelstadt and loses puck.
1:13 of 1st period - Icing by Brock Boeser.
1:14 of 1st period - Adam Henrique wins face-off versus Casey Mittelstadt in WASHINGTON Capitals zone.
1:46 of 1st period - Yegor Sharangovich is hit by Ian Cole and loses puck.
2:11 of 1st period - Shot by Ryan McLeod.
2:11 of 1st period - Stopped by Scott Wedgewood without a rebound.
2:12 of 1st period - Vincent Trocheck wins face-off versus Christian Dvorak in WASHINGTON Capitals zone.
2:16 of 1st period - Minor Penalty to Brandon Saad for Tripping.
2:17 of 1st period - Vincent Trocheck wins face-off versus William Karlsson in FLORIDA Panthers zone.
2:48 of 1st period - Shot by Ryan Strome.
2:48 of 1st period - Shot Blocked by Jake Walman.
2:50 of 1st period - Shot by John Carlson.
2:50 of 1st period - Shot Misses the Net.
2:52 of 1st period - Shot by Kevin Shattenkirk.
2:52 of 1st period - Stopped by Darcy Kuemper without a rebound.
2:53 of 1st period - Adam Henrique wins face-off versus Matt Duchene in FLORIDA Panthers zone.
3:17 of 1st period - Shot by Matt Duchene.
3:17 of 1st period - Deflect By Ryan Strome.
3:17 of 1st period - Shot Misses the Net.
3:19 of 1st period - Shot by Mario Ferraro.
3:19 of 1st period - Stopped by Darcy Kuemper without a rebound.
3:20 of 1st period - Adam Henrique wins face-off versus William Karlsson in FLORIDA Panthers zone.
3:20 of 1st period - Adam Henrique is hit by Pavel Buchnevich.
3:34 of 1st period - Shot by Pavel Buchnevich.
3:34 of 1st period - Stopped by Darcy Kuemper without a rebound.
3:35 of 1st period - Brock Boeser wins face-off versus Adam Henrique in FLORIDA Panthers zone.
4:44 of 1st period - Shot by Sam Steel.
4:44 of 1st period - Shot Blocked by Josh Morrissey.
4:54 of 1st period - Shot by Steven Stamkos.
4:54 of 1st period - Shot Blocked by Carson Soucy.
5:07 of 1st period - Minor Penalty to Ryan Strome for Elbowing.
5:08 of 1st period - Ivan Barbashev wins face-off versus Vincent Trocheck in WASHINGTON Capitals zone.
5:39 of 1st period - Shot by Vincent Trocheck.
5:39 of 1st period - Shot Blocked by Ivan Barbashev.
6:39 of 1st period - Shot by Josh Morrissey.
6:39 of 1st period - Deflect By Matthew Tkachuk.
6:39 of 1st period - Shot Misses the Net.
6:49 of 1st period - Shot by Josh Morrissey.
6:49 of 1st period - Shot Blocked by Mario Ferraro.
6:51 of 1st period - Shot by Connor Murphy.
6:51 of 1st period - Stopped by Scott Wedgewood with a rebound.
6:57 of 1st period - Shot by Matthew Tkachuk.
6:57 of 1st period - Shot Misses the Net.
6:59 of 1st period - Shot by Connor Murphy.
6:59 of 1st period - Shot Misses the Net.
7:13 of 1st period - Shot by Barrett Hayton.
7:13 of 1st period - Deflect By Ross Colton.
7:13 of 1st period - Shot Misses the Net.
7:15 of 1st period - Shot by Sam Steel.
7:15 of 1st period - Stopped by Darcy Kuemper with a rebound.
7:29 of 1st period - Shot by Sam Steel.
7:29 of 1st period - Stopped by Darcy Kuemper without a rebound.
7:30 of 1st period - Adam Henrique wins face-off versus Casey Mittelstadt in FLORIDA Panthers zone.
7:42 of 1st period - Ian Cole is hit by Adam Henrique and loses puck.
8:38 of 1st period - Icing by Josh Morrissey.
8:39 of 1st period - Derek Grant wins face-off versus Ryan Strome in FLORIDA Panthers zone.
8:39 of 1st period - Derek Grant is hit by Jason Dickinson.
8:45 of 1st period - Shot by Ryan McLeod.
8:45 of 1st period - Shot Misses the Net.
9:06 of 1st period - Icing by Ryan McDonagh.
9:07 of 1st period - William Karlsson wins face-off versus Derek Grant in FLORIDA Panthers zone.
9:15 of 1st period - Josh Morrissey is hit by Mario Ferraro and loses puck.
9:36 of 1st period - Brock Nelson is hit by Pavel Buchnevich and loses puck.
9:51 of 1st period - Shot by Matt Duchene.
9:51 of 1st period - Shot Blocked by Brock Nelson.
10:57 of 1st period - Shot by Ivan Barbashev.
10:57 of 1st period - Stopped by Darcy Kuemper with a rebound.
11:03 of 1st period - Shot by Casey Mittelstadt.
11:03 of 1st period - Stopped by Darcy Kuemper with a rebound.
11:05 of 1st period - Shot by Ian Cole.
11:05 of 1st period - Shot Blocked by Connor Murphy.
11:07 of 1st period - Shot by Ian Cole.
11:07 of 1st period - Stopped by Darcy Kuemper without a rebound.
11:08 of 1st period - Adam Henrique wins face-off versus Barrett Hayton in FLORIDA Panthers zone.
11:08 of 1st period - Adam Henrique is hit by Ross Colton.
11:28 of 1st period - Shot by Ross Colton.
11:28 of 1st period - Stopped by Darcy Kuemper without a rebound.
11:29 of 1st period - William Karlsson wins face-off versus Vincent Trocheck in FLORIDA Panthers zone.
11:46 of 1st period - Shot by Matt Duchene.
11:46 of 1st period - Stopped by Darcy Kuemper without a rebound.
11:47 of 1st period - Christian Dvorak wins face-off versus Adam Henrique in FLORIDA Panthers zone.
12:01 of 1st period - Icing by Kevin Shattenkirk.
12:02 of 1st period - Christian Dvorak wins face-off versus Steven Stamkos in WASHINGTON Capitals zone.
12:02 of 1st period - Christian Dvorak is hit by Steven Stamkos.
12:07 of 1st period - Kevin Shattenkirk is hit by Carter Verhaeghe and loses puck.
12:33 of 1st period - Kevin Shattenkirk is hit by Dougie Hamilton and loses puck.
13:26 of 1st period - Shot by Vincent Trocheck.
13:26 of 1st period - Stopped by Scott Wedgewood without a rebound.
13:27 of 1st period - Adam Henrique wins face-off versus Ivan Barbashev in WASHINGTON Capitals zone.
13:51 of 1st period - Shot by Adam Henrique.
13:51 of 1st period - Shot Misses the Net.
13:53 of 1st period - Shot by Jake Walman.
13:53 of 1st period - Shot Misses the Net.
13:55 of 1st period - Shot by Adam Henrique.
13:55 of 1st period - Stopped by Scott Wedgewood with a rebound.
13:57 of 1st period - Shot by Adam Henrique.
13:57 of 1st period - Shot Misses the Net.
14:17 of 1st period - Jake Walman is hit by Ivan Barbashev and loses puck.
14:54 of 1st period - Shot by Brock Nelson.
14:54 of 1st period - Shot Misses the Net.
16:50 of 1st period - Off-side.
16:51 of 1st period - Adam Henrique wins face-off versus William Karlsson in neutral zone.
18:09 of 1st period - Shot by Brock Nelson.
18:09 of 1st period - Goal by Brock Nelson - WASHINGTON Capitals : 0 - FLORIDA Panthers : 1.
18:10 of 1st period - Christian Dvorak wins face-off versus Derek Grant in neutral zone.
18:24 of 1st period - Icing by Dougie Hamilton.
18:25 of 1st period - Casey Mittelstadt wins face-off versus Ryan McLeod in FLORIDA Panthers zone.
18:45 of 1st period - Brock Boeser is hit by Jordan Martinook and loses puck.
18:52 of 1st period - Shot by Jordan Martinook.
18:52 of 1st period - Shot Misses the Net.
18:54 of 1st period - Shot by Ryan McLeod.
18:54 of 1st period - Stopped by Scott Wedgewood without a rebound.
18:55 of 1st period - Steven Stamkos wins face-off versus Christian Dvorak in WASHINGTON Capitals zone.
19:13 of 1st period - Shot by Christian Dvorak.
19:13 of 1st period - Shot Misses the Net.
19:26 of 1st period - Shot by Ryan Strome.
19:26 of 1st period - Shot Misses the Net.
19:55 of 1st period - Shot by Pavel Buchnevich.
19:55 of 1st period - Deflect By Matt Duchene.
19:55 of 1st period - Stopped by Darcy Kuemper without a rebound.
19:56 of 1st period - Vincent Trocheck wins face-off versus Ivan Barbashev in FLORIDA Panthers zone.
Goals for this period are 0 for WASHINGTON Capitals vs 1 for FLORIDA Panthers.
Shots for this period are 11 for WASHINGTON Capitals vs 8 for FLORIDA Panthers.

2nd period


0:01 of 2nd period - William Karlsson wins face-off versus Steven Stamkos in neutral zone.
0:56 of 2nd period - Shot by Brandon Saad.
0:56 of 2nd period - Stopped by Scott Wedgewood with a rebound.
0:58 of 2nd period - Shot by Brock Nelson.
0:58 of 2nd period - Stopped by Scott Wedgewood without a rebound.
0:59 of 2nd period - Casey Mittelstadt wins face-off versus Vincent Trocheck in WASHINGTON Capitals zone.
1:35 of 2nd period - Shot by Brandon Saad.
1:35 of 2nd period - Stopped by Scott Wedgewood without a rebound.
1:36 of 2nd period - Adam Henrique wins face-off versus Christian Dvorak in WASHINGTON Capitals zone.
2:03 of 2nd period - Shot by Yegor Sharangovich.
2:03 of 2nd period - Stopped by Scott Wedgewood without a rebound.
2:04 of 2nd period - William Karlsson wins face-off versus Steven Stamkos in WASHINGTON Capitals zone.
2:04 of 2nd period - William Karlsson is hit by Carter Verhaeghe.
2:14 of 2nd period - Shot by Pavel Buchnevich.
2:14 of 2nd period - Stopped by Darcy Kuemper with a rebound.
2:47 of 2nd period - Shot by Steven Stamkos.
2:47 of 2nd period - Stopped by Scott Wedgewood without a rebound.
2:48 of 2nd period - Vincent Trocheck wins face-off versus Casey Mittelstadt in WASHINGTON Capitals zone.
2:59 of 2nd period - Shot by Casey Mittelstadt.
2:59 of 2nd period - Stopped by Darcy Kuemper without a rebound.
3:00 of 2nd period - Barrett Hayton wins face-off versus Yegor Sharangovich in FLORIDA Panthers zone.
3:18 of 2nd period - Minor Penalty to Ross Colton for Slashing.
3:19 of 2nd period - Ivan Barbashev wins face-off versus Steven Stamkos in WASHINGTON Capitals zone.
3:58 of 2nd period - Shot by William Karlsson.
3:58 of 2nd period - Shot Hit the Post.
4:08 of 2nd period - Dougie Hamilton is hit by Carson Soucy and loses puck.
4:30 of 2nd period - Shot by Brady Skjei.
4:30 of 2nd period - Stopped by Scott Wedgewood with a rebound.
4:32 of 2nd period - Shot by Brady Skjei.
4:32 of 2nd period - Stopped by Scott Wedgewood without a rebound.
4:33 of 2nd period - Vincent Trocheck wins face-off versus Jason Dickinson in WASHINGTON Capitals zone.
4:40 of 2nd period - Shot by Brady Skjei.
4:40 of 2nd period - Stopped by Scott Wedgewood with a rebound.
5:45 of 2nd period - Shot by Adam Henrique.
5:45 of 2nd period - Stopped by Scott Wedgewood with a rebound.
5:51 of 2nd period - Shot by Eetu Luostarinen.
5:51 of 2nd period - Shot Misses the Net.
6:08 of 2nd period - Icing by John Carlson.
6:09 of 2nd period - Barrett Hayton wins face-off versus Steven Stamkos in WASHINGTON Capitals zone.
6:09 of 2nd period - Barrett Hayton is hit by Matthew Tkachuk.
6:24 of 2nd period - Icing by Josh Morrissey.
6:25 of 2nd period - Steven Stamkos wins face-off versus William Karlsson in FLORIDA Panthers zone.
6:36 of 2nd period - Shot by Pavel Buchnevich.
6:36 of 2nd period - Goal by Pavel Buchnevich - WASHINGTON Capitals : 1 - FLORIDA Panthers : 1.
6:37 of 2nd period - Vincent Trocheck wins face-off versus Casey Mittelstadt in neutral zone.
7:47 of 2nd period - Off-side.
7:48 of 2nd period - Derek Grant wins face-off versus Ryan Strome in neutral zone.
7:48 of 2nd period - Derek Grant is hit by Christian Dvorak.
7:51 of 2nd period - Brady Skjei is hit by Kevin Shattenkirk and loses puck.
8:24 of 2nd period - Minor Penalty to Jordan Martinook for Holding.
8:25 of 2nd period - William Karlsson wins face-off versus Vincent Trocheck in FLORIDA Panthers zone.
8:38 of 2nd period - Shot by Pavel Buchnevich.
8:38 of 2nd period - Shot Blocked by Jake Walman.
8:44 of 2nd period - Shot by Mario Ferraro.
8:44 of 2nd period - Stopped by Darcy Kuemper without a rebound.
8:45 of 2nd period - Vincent Trocheck wins face-off versus Matt Duchene in FLORIDA Panthers zone.
9:03 of 2nd period - Shot by John Carlson.
9:03 of 2nd period - Shot Misses the Net.
9:05 of 2nd period - Shot by Kevin Shattenkirk.
9:05 of 2nd period - Goal by Kevin Shattenkirk - WASHINGTON Capitals : 2 - FLORIDA Panthers : 1.
9:06 of 2nd period - Steven Stamkos wins face-off versus Barrett Hayton in neutral zone.
9:08 of 2nd period - Josh Morrissey is hit by Sam Steel and loses puck.
9:13 of 2nd period - Ian Cole is hit by Steven Stamkos and loses puck.
10:17 of 2nd period - Shot by Brandon Saad.
10:17 of 2nd period - Shot Misses the Net.
10:19 of 2nd period - Shot by Brock Nelson.
10:19 of 2nd period - Shot Blocked by Ian Cole.
10:21 of 2nd period - Shot by Dougie Hamilton.
10:21 of 2nd period - Shot Blocked by Torey Krug.
10:23 of 2nd period - Shot by Brady Skjei.
10:23 of 2nd period - Shot Misses the Net.
10:47 of 2nd period - Shot by Vincent Trocheck.
10:47 of 2nd period - Shot Blocked by Torey Krug.
10:49 of 2nd period - Shot by Brady Skjei.
10:49 of 2nd period - Shot Misses the Net.
11:19 of 2nd period - Shot by Matt Duchene.
11:19 of 2nd period - Deflect By Pavel Buchnevich.
11:19 of 2nd period - Stopped by Darcy Kuemper without a rebound.
11:20 of 2nd period - Casey Mittelstadt wins face-off versus Derek Grant in FLORIDA Panthers zone.
12:26 of 2nd period - Shot by Matthew Tkachuk.
12:26 of 2nd period - Stopped by Scott Wedgewood with a rebound.
12:28 of 2nd period - Shot by Carter Verhaeghe.
12:28 of 2nd period - Stopped by Scott Wedgewood without a rebound.
12:29 of 2nd period - Vincent Trocheck wins face-off versus Pavel Buchnevich in WASHINGTON Capitals zone.
12:30 of 2nd period - Shot by Brock Nelson.
12:30 of 2nd period - Shot Misses the Net.
12:32 of 2nd period - Shot by Brandon Saad.
12:32 of 2nd period - Deflect By Brock Nelson.
12:32 of 2nd period - Shot Misses the Net.
12:34 of 2nd period - Shot by Brock Nelson.
12:34 of 2nd period - Stopped by Scott Wedgewood with a rebound.
12:36 of 2nd period - Shot by Dougie Hamilton.
12:36 of 2nd period - Stopped by Scott Wedgewood with a rebound.
12:38 of 2nd period - Shot by Brandon Saad.
12:38 of 2nd period - Shot Misses the Net.
12:51 of 2nd period - Minor Penalty to Brock Nelson for Roughing.
12:52 of 2nd period - Vincent Trocheck wins face-off versus Matt Duchene in FLORIDA Panthers zone.
13:03 of 2nd period - Eetu Luostarinen is hit by Matt Duchene and loses puck.
13:16 of 2nd period - Shot by John Carlson.
13:16 of 2nd period - Shot Blocked by Ryan McDonagh.
14:51 of 2nd period - Shot by William Karlsson.
14:51 of 2nd period - Shot Misses the Net.
14:53 of 2nd period - Shot by Ian Cole.
14:53 of 2nd period - Stopped by Darcy Kuemper without a rebound.
14:54 of 2nd period - Barrett Hayton wins face-off versus Steven Stamkos in FLORIDA Panthers zone.
15:32 of 2nd period - Minor Penalty to Steven Stamkos for Hooking.
15:33 of 2nd period - Brock Nelson wins face-off versus William Karlsson in FLORIDA Panthers zone.
15:33 of 2nd period - Brock Nelson is hit by Brock Boeser.
15:45 of 2nd period - Shot by John Carlson.
15:45 of 2nd period - Stopped by Darcy Kuemper without a rebound.
15:46 of 2nd period - Matt Duchene wins face-off versus Brock Nelson in FLORIDA Panthers zone.
16:17 of 2nd period - Shot by Matt Duchene.
16:17 of 2nd period - Stopped by Darcy Kuemper without a rebound.
16:18 of 2nd period - Adam Henrique wins face-off versus William Karlsson in FLORIDA Panthers zone.
17:17 of 2nd period - Shot by Kevin Shattenkirk.
17:17 of 2nd period - Shot Blocked by Connor Murphy.
17:19 of 2nd period - Shot by John Carlson.
17:19 of 2nd period - Shot Misses the Net.
17:21 of 2nd period - Shot by John Carlson.
17:21 of 2nd period - Stopped by Darcy Kuemper without a rebound.
17:22 of 2nd period - Adam Henrique wins face-off versus Matt Duchene in FLORIDA Panthers zone.
18:31 of 2nd period - Shot by Pavel Buchnevich.
18:31 of 2nd period - Shot Misses the Net.
18:47 of 2nd period - Shot by Pavel Buchnevich.
18:47 of 2nd period - Shot Blocked by Eetu Luostarinen.
19:14 of 2nd period - Brock Boeser is hit by Connor Murphy.
19:15 of 2nd period - Minor Penalty to Connor Murphy for High sticking.
19:16 of 2nd period - Matt Duchene wins face-off versus Vincent Trocheck in FLORIDA Panthers zone.
19:17 of 2nd period - Shot by Mario Ferraro.
19:17 of 2nd period - Stopped by Darcy Kuemper without a rebound.
19:18 of 2nd period - Matt Duchene wins face-off versus Vincent Trocheck in FLORIDA Panthers zone.
19:46 of 2nd period - Shot by Matt Duchene.
19:46 of 2nd period - Stopped by Darcy Kuemper without a rebound.
19:47 of 2nd period - Vincent Trocheck wins face-off versus Brock Boeser in FLORIDA Panthers zone.
Goals for this period are 2 for WASHINGTON Capitals vs 0 for FLORIDA Panthers.
Shots for this period are 12 for WASHINGTON Capitals vs 13 for FLORIDA Panthers.

3rd period


0:01 of 3rd period - Vincent Trocheck wins face-off versus William Karlsson in neutral zone.
0:04 of 3rd period - William Karlsson is hit by Vincent Trocheck and loses puck.
0:08 of 3rd period - Icing by Kevin Shattenkirk.
0:09 of 3rd period - Vincent Trocheck wins face-off versus William Karlsson in WASHINGTON Capitals zone.
0:20 of 3rd period - Shot by Kevin Shattenkirk.
0:20 of 3rd period - Shot Misses the Net.
0:26 of 3rd period - Shot by Kevin Shattenkirk.
0:26 of 3rd period - Stopped by Darcy Kuemper with a rebound.
0:28 of 3rd period - Shot by John Carlson.
0:28 of 3rd period - Stopped by Darcy Kuemper with a rebound.
0:30 of 3rd period - Shot by John Carlson.
0:30 of 3rd period - Stopped by Darcy Kuemper with a rebound.
0:32 of 3rd period - Shot by John Carlson.
0:32 of 3rd period - Goal by John Carlson - WASHINGTON Capitals : 3 - FLORIDA Panthers : 1.
0:33 of 3rd period - Steven Stamkos wins face-off versus Christian Dvorak in neutral zone.
1:13 of 3rd period - Shot by Ryan Strome.
1:13 of 3rd period - Stopped by Darcy Kuemper with a rebound.
1:41 of 3rd period - Minor Penalty to Vincent Trocheck for Tripping.
1:41 of 3rd period - Minor Penalty to Ryan Strome for Interference.
1:42 of 3rd period - William Karlsson wins face-off versus Brock Nelson in neutral zone.
2:08 of 3rd period - Off-side.
2:09 of 3rd period - Steven Stamkos wins face-off versus William Karlsson in neutral zone.
2:49 of 3rd period - Off-side.
2:50 of 3rd period - William Karlsson wins face-off versus Carter Verhaeghe in neutral zone.
3:05 of 3rd period - Shot by William Karlsson.
3:05 of 3rd period - Shot Misses the Net.
4:36 of 3rd period - Off-side.
4:37 of 3rd period - Ryan McLeod wins face-off versus Jason Dickinson in neutral zone.
4:46 of 3rd period - Jason Dickinson is hit by Jordan Martinook and loses puck.
5:07 of 3rd period - Minor Penalty to Jason Dickinson for Cross-checking.
5:08 of 3rd period - Steven Stamkos wins face-off versus William Karlsson in WASHINGTON Capitals zone.
5:31 of 3rd period - Ian Cole is hit by Matthew Tkachuk.
6:10 of 3rd period - Shot by Ivan Barbashev.
6:10 of 3rd period - Shot Blocked by Connor Murphy.
6:38 of 3rd period - Shot by Brock Nelson.
6:38 of 3rd period - Stopped by Scott Wedgewood without a rebound.
6:39 of 3rd period - Steven Stamkos wins face-off versus William Karlsson in WASHINGTON Capitals zone.
7:17 of 3rd period - Icing by Barrett Hayton.
7:18 of 3rd period - Derek Grant wins face-off versus Barrett Hayton in WASHINGTON Capitals zone.
7:37 of 3rd period - Shot by Jordan Martinook.
7:37 of 3rd period - Shot Hit the Post.
7:53 of 3rd period - Shot by Jordan Martinook.
7:53 of 3rd period - Deflect By Ryan McLeod.
7:53 of 3rd period - Shot Blocked by Torey Krug.
8:04 of 3rd period - Icing by Ian Cole.
8:05 of 3rd period - Brock Nelson wins face-off versus Barrett Hayton in WASHINGTON Capitals zone.
8:05 of 3rd period - Vincent Trocheck is hit by Ian Cole and loses puck.
8:10 of 3rd period - Shot by Vincent Trocheck.
8:10 of 3rd period - Shot Misses the Net.
10:00 of 3rd period - Shot by Adam Henrique.
10:00 of 3rd period - Stopped by Scott Wedgewood without a rebound.
10:01 of 3rd period - Casey Mittelstadt wins face-off versus Derek Grant in WASHINGTON Capitals zone.
10:01 of 3rd period - Casey Mittelstadt is hit by Jordan Martinook.
10:15 of 3rd period - Shot by Casey Mittelstadt.
10:15 of 3rd period - Deflect By Brock Boeser.
10:15 of 3rd period - Stopped by Darcy Kuemper with a rebound.
10:40 of 3rd period - Ivan Barbashev is hit by Connor Murphy and loses puck.
10:58 of 3rd period - Jason Dickinson is hit by Connor Murphy and loses puck.
11:17 of 3rd period - Shot by Ryan Strome.
11:17 of 3rd period - Stopped by Darcy Kuemper with a rebound.
11:39 of 3rd period - Kevin Shattenkirk is hit by Derek Grant and loses puck.
11:40 of 3rd period - Minor Penalty to Jordan Martinook for Slashing.
11:41 of 3rd period - Vincent Trocheck wins face-off versus William Karlsson in FLORIDA Panthers zone.
11:41 of 3rd period - Vincent Trocheck is hit by Pavel Buchnevich.
11:57 of 3rd period - Shot by John Carlson.
11:57 of 3rd period - Stopped by Darcy Kuemper without a rebound.
11:58 of 3rd period - Matt Duchene wins face-off versus Vincent Trocheck in FLORIDA Panthers zone.
12:08 of 3rd period - Shot by Mario Ferraro.
12:08 of 3rd period - Shot Blocked by Ryan McDonagh.
12:10 of 3rd period - Shot by Torey Krug.
12:10 of 3rd period - Goal by Torey Krug - WASHINGTON Capitals : 4 - FLORIDA Panthers : 1.
12:11 of 3rd period - Steven Stamkos wins face-off versus William Karlsson in neutral zone.
12:37 of 3rd period - Icing by Ryan McDonagh.
12:38 of 3rd period - Casey Mittelstadt wins face-off versus Steven Stamkos in FLORIDA Panthers zone.
13:29 of 3rd period - Shot by Vincent Trocheck.
13:29 of 3rd period - Shot Misses the Net.
13:35 of 3rd period - Shot by Vincent Trocheck.
13:35 of 3rd period - Shot Misses the Net.
13:37 of 3rd period - Shot by Vincent Trocheck.
13:37 of 3rd period - Shot Blocked by John Carlson.
13:39 of 3rd period - Shot by Vincent Trocheck.
13:39 of 3rd period - Stopped by Scott Wedgewood with a rebound.
14:11 of 3rd period - Shot by Eetu Luostarinen.
14:11 of 3rd period - Stopped by Scott Wedgewood without a rebound.
14:12 of 3rd period - Derek Grant wins face-off versus William Karlsson in WASHINGTON Capitals zone.
14:45 of 3rd period - Jake Walman is hit by Torey Krug and loses puck.
14:59 of 3rd period - Ian Cole is hit by Connor Murphy and loses puck.
15:21 of 3rd period - Icing by Christian Dvorak.
15:22 of 3rd period - Christian Dvorak wins face-off versus Steven Stamkos in WASHINGTON Capitals zone.
15:22 of 3rd period - Christian Dvorak is hit by Matthew Tkachuk.
15:35 of 3rd period - Icing by Carson Soucy.
15:36 of 3rd period - Vincent Trocheck wins face-off versus Christian Dvorak in WASHINGTON Capitals zone.
15:42 of 3rd period - Brock Nelson is hit by Carson Soucy and loses puck.
15:46 of 3rd period - Icing by Christian Dvorak.
15:47 of 3rd period - Christian Dvorak wins face-off versus Steven Stamkos in WASHINGTON Capitals zone.
15:51 of 3rd period - Icing by Mario Ferraro.
15:52 of 3rd period - Steven Stamkos wins face-off versus Christian Dvorak in WASHINGTON Capitals zone.
16:31 of 3rd period - Shot by Ryan Strome.
16:31 of 3rd period - Goal by Ryan Strome - WASHINGTON Capitals : 5 - FLORIDA Panthers : 1.
16:32 of 3rd period - William Karlsson wins face-off versus Vincent Trocheck in neutral zone.
16:51 of 3rd period - Shot by Brock Nelson.
16:51 of 3rd period - Stopped by Scott Wedgewood without a rebound.
16:52 of 3rd period - Brock Boeser wins face-off versus Adam Henrique in WASHINGTON Capitals zone.
17:01 of 3rd period - Shot by Casey Mittelstadt.
17:01 of 3rd period - Stopped by Darcy Kuemper without a rebound.
17:02 of 3rd period - William Karlsson wins face-off versus Vincent Trocheck in FLORIDA Panthers zone.
17:54 of 3rd period - Icing by John Carlson.
17:55 of 3rd period - Pavel Buchnevich wins face-off versus Steven Stamkos in WASHINGTON Capitals zone.
18:18 of 3rd period - Shot by Matthew Tkachuk.
18:18 of 3rd period - Goal by Matthew Tkachuk - WASHINGTON Capitals : 5 - FLORIDA Panthers : 2.
18:19 of 3rd period - Adam Henrique wins face-off versus Casey Mittelstadt in neutral zone.
18:42 of 3rd period - Shot by Brock Boeser.
18:42 of 3rd period - Shot Misses the Net.
19:36 of 3rd period - Icing by Josh Morrissey.
19:37 of 3rd period - Barrett Hayton wins face-off versus Steven Stamkos in FLORIDA Panthers zone.
19:40 of 3rd period - Shot by Ross Colton.
19:40 of 3rd period - Shot Misses the Net.
19:42 of 3rd period - Shot by John Carlson.
19:42 of 3rd period - Stopped by Darcy Kuemper without a rebound.
19:43 of 3rd period - Steven Stamkos wins face-off versus William Karlsson in FLORIDA Panthers zone.
19:52 of 3rd period - Shot by Steven Stamkos.
19:52 of 3rd period - Shot Blocked by Kevin Shattenkirk.
19:54 of 3rd period - Shot by Ryan McDonagh.
19:54 of 3rd period - Shot Misses the Net.
Goals for this period are 3 for WASHINGTON Capitals vs 1 for FLORIDA Panthers.
Shots for this period are 12 for WASHINGTON Capitals vs 6 for FLORIDA Panthers. Output by the SimonT Hockey Simulator (STHS) for Martin Benoit - Original Page W3C HTML5 Valid
Hockey Simulator - Hockey Simulation - Hockey Manager